Cogmind - Beta 14 @@@ ROGUE MODE // 2024.09.07 @ 15:21:08 Player: Helstads_dog Result: Self-destructed Performance ------------- Evolutions (3) 1500 Regions Visited (7) 1400 Robots Destroyed (146) 730 Value Destroyed (4501) 4501 Prototype IDs (35) 700 Alien Tech Used (0) 0 Bonus (864) 864 TOTAL SCORE: 9695 Bonus ------- High Alert Combat Kills 564 Aligned with FarCom 300 Cogmind --------- Core Integrity 655/700 Matter 300/300 Energy 127/220 System Corruption 0% Temperature Critical (503) Movement Treading (160) Location -7/Factory Parts ------- > --- POWER (2) -------- Light Nuclear Core Light Nuclear Core > --- PROPULSION (3) --- Medium Treads Medium Treads Medium Treads > --- UTILITY (5) ------ Advanced Heat Sink High-capacity Storage Unit Transmission Jammer Medium Reactive Plating Hacking Suite > --- WEAPON (3) ------- Heavy Particle Gun Precision Beam Rifle Heavy Laser > --- INVENTORY (20) --- Medium Treads Wheel Armored Wheel Armored Wheel Advanced Heat Sink Particle Charger Hardened Heavy Armor Plating Medium Reactive Plating Medium Reactive Plating Pulse Rifle Pulse Rifle Heavy Laser Heavy Laser Heavy Particle Cannon Rocket Launcher Plasma Cutter Katana Peak State ------------ > --- POWER ------------ Light Nuclear Core Light Nuclear Core > --- PROPULSION ------- Medium Treads Medium Treads Medium Treads > --- UTILITY ---------- Advanced Heat Sink High-capacity Storage Unit Transmission Jammer Medium Reactive Plating Hacking Suite > --- WEAPON ----------- Heavy Particle Gun Precision Beam Rifle Heavy Laser > --- INVENTORY -------- Medium Treads Wheel Armored Wheel Armored Wheel Advanced Heat Sink Particle Charger Hardened Heavy Armor Plating Medium Reactive Plating Medium Reactive Plating Pulse Rifle Pulse Rifle Heavy Laser Heavy Laser Heavy Particle Cannon Rocket Launcher Plasma Cutter Katana [Rating: 52] Favorites ----------- Power Improved Ion Engine Engine Improved Ion Engine Power Core Light Nuclear Core Propulsion Armored Wheel Treads Advanced Treads Leg Aluminum Leg Wheel Armored Wheel Utility High-capacity Storage Unit Device Cooling System Storage High-capacity Storage Unit Processor Targeting Computer Hackware Hacking Suite Protection Heavy Armor Plating Weapon Heavy Assault Rifle Energy Gun Beam Rifle Energy Cannon Beam Cannon Ballistic Gun Heavy Assault Rifle Launcher Rocket Launcher Special Weapon Plasma Cutter Impact Weapon Flail Slashing Weapon Katana Build | -11 -10 -9 -9 -9 -8 -8 -7 ------- Run | Yrd Mat Mat Min Exi Min Mat Fac Slots Evolved 6 | . . 2 . . . 2 2 Power 1 | . . . . . . . 1 Propulsion 1 | . . . . . . 1 . Utility 3 | . . 1 . . . 1 1 Weapon 1 | . . 1 . . . . . Parts Attached 139 | . 24 21 7 6 15 64 2 Power 14 | . 2 5 2 . . 4 1 Engine 9 | . 2 5 2 . . . . Core 5 | . . . . . . 4 1 Reactor . | . . . . . . . . Propulsion 26 | . 7 3 1 6 2 7 . Treads 12 | . 3 1 . 2 1 5 . Leg 2 | . . . . 2 . . . Wheel 12 | . 4 2 1 2 1 2 . Hover . | . . . . . . . . Flight . | . . . . . . . . Utility 47 | . 7 10 1 . 6 22 1 Device 19 | . 4 . . . 4 10 1 Storage 5 | . 2 3 . . . . . Processor 4 | . 1 2 . . 1 . . Hackware 4 | . . . . . . 4 . Protection 15 | . . 5 1 . 1 8 . Artifact . | . . . . . . . . Weapon 52 | . 8 3 3 . 7 31 . Energy Gun 27 | . 2 . 1 . 2 22 . Energy Cannon 2 | . 1 1 . . . . . Ballistic Gun 12 | . 3 2 1 . 2 4 . Ballistic Cannon . | . . . . . . . . Launcher 6 | . . . 1 . 1 4 . Special Weapon 1 | . . . . . 1 . . Impact Weapon 2 | . 2 . . . . . . Slashing Weapon 2 | . . . . . 1 1 . Piercing Weapon . | . . . . . . . . Special Melee Weapon . | . . . . . . . . Unidentified Prototypes 1 | . . 1 . . . . . Parts Lost 12 | . 2 . 1 . 2 7 . Power 1 | . . . . . . 1 . Propulsion 3 | . 2 . . . 1 . . Utility 3 | . . . 1 . 1 1 . Weapon 5 | . . . . . . 5 . Highest Loss Streak 5 | . 1 . 1 . 1 5 . To Critical Strikes . | . . . . . . . . Average Slot Usage (%) 94 | . 98 87 87 87 98 99 100 Engine 8 | . 14 11 11 11 11 . . Core 2 | . . . . . . 8 15 Treads 12 | . 7 11 11 10 11 16 23 Wheel 10 | . 13 11 11 10 11 10 . Device 7 | . 12 . . . 11 16 15 Storage 10 | . 14 11 11 11 11 9 7 Processor 2 | . . . . . 9 . . Protection 6 | . . 10 10 11 . 9 7 Energy Gun 15 | . 4 . 7 11 27 25 23 Energy Cannon 3 | . 8 11 3 . . . . Ballistic Gun 11 | . 13 21 21 22 5 1 . Peak Build Rating 52 | . 10 25 25 39 24 47 52 Average Rating 24 | . 8 20 24 23 21 36 51 On Entrance 20 | 6 6 9 25 24 24 21 46 Naked Turns . | . . . . . . . . Heaviest Build 81 | 14 30 73 73 71 71 79 81 Greatest Support 84 | 20 20 12 12 60 12 84 84 Greatest Overweight (x) 23 | . 2 6 6 23 5 3 . Average Overweight (x) 3 | . . 4 5 5 4 1 . Largest Inventory Capacity 25 | . 15 25 20 20 20 20 20 Average Capacity 18 | . 10 18 20 20 20 20 20 Most Carried 20 | . 11 20 20 20 20 20 19 Average Carried 18 | . 9 17 19 20 19 19 18 Final Capacity 20 | 8 15 20 20 20 20 20 20 Final Carried 20 | 6 10 20 20 20 19 20 18 Class Distribution -------------------- 43% | Tank 42% | Skirmisher 8% | Mutant 5% | Scavenger-Skirmisher Dominant Class ---------------- Mutant | -10/Materials Tank | -9/Materials Tank | -9/Mines Tank | -9/Exiles Skirmisher | -8/Mines Skirmisher | -8/Materials Skirmisher | -7/Factory Resources | -11 -10 -9 -9 -9 -8 -8 -7 ----------- Run | Yrd Mat Mat Min Exi Min Mat Fac Matter Collected 2576 | 195 364 639 212 60 295 791 20 Remotely . | . . . . . . . . Salvage Created 5250 | . 810 1405 239 . 468 1909 419 Parts 319 | . 60 98 14 . 31 106 10 Haulers Intercepted . | . . . . . . . . Recyclers Shooed 5 | . . 4 . . . 1 . Parts Field Recycled . | . . . . . . . . Retrieved Matter . | . . . . . . . . Parts Self-Destructed . | . . . . . . . . Prevented . | . . . . . . . . Kills | -11 -10 -9 -9 -9 -8 -8 -7 ------- Run | Yrd Mat Mat Min Exi Min Mat Fac Combat Hostiles Destroyed 123 | . 18 30 11 . 11 46 7 Melee 1 | . 1 . . . . . . Guns 88 | . 10 21 8 . 7 36 6 Cannons 18 | . 6 9 3 . . . . AOE 12 | . . . . . 4 8 . Classes Destroyed 14 | . 5 3 2 . 3 1 . Worker 7 | . . 6 . . 1 . . Builder 1 | . 1 . . . . . . Tunneler 3 | . . . . . 1 2 . Recycler 2 | . 1 1 . . . . . Operator 2 | . . 1 . . . 1 . Watcher 12 | . 3 4 . . . 4 1 Swarmer 33 | . 3 8 4 . 4 14 . Grunt 63 | . 15 15 2 . 5 20 6 Brawler 3 | . . . . . 1 1 1 Duelist 1 | . . . 1 . . . . Sentry 16 | . . 7 . . . 9 . Hunter 2 | . . . . . 1 1 . Heavy 1 | . . . . . . 1 . Assembled 4 | . . . 4 . . . . Best Kill Streak 9 | . 9 8 4 . 4 5 2 Combat Bots Only 8 | . 8 7 4 . 4 5 2 Max Kills in Single Turn 4 | . 1 2 2 . 4 3 1 Gunslinging 1 | . . . 1 . . . . Exploded 4 | . . . . . 4 3 . Melee 1 | . 1 . . . . . . Uniques/NPCs Destroyed . | . . . . . . . . Combat | -11 -10 -9 -9 -9 -8 -8 -7 -------- Run | Yrd Mat Mat Min Exi Min Mat Fac Hostile Shots Fired 424 | . 66 81 36 . 66 160 15 Missed 104 | . 12 20 5 . 10 52 5 Damage Taken 4695 | . 650 775 457 . 899 1757 157 Core 525 | . 135 183 10 . 26 126 45 Absorbed by Shields . | . . . . . . . . Ignored by Resistances 104 | . . . . . . 104 . Core Remaining (%) 67 | 100 46 . . . 45 77 . Volleys Fired 301 | . 51 68 22 . 36 102 22 Largest 3 | . 2 3 3 . 3 3 3 Hottest 197 | . 83 106 102 . 186 197 185 Shots Fired 776 | . 102 202 56 . 87 263 66 Gun 653 | . 70 136 41 . 83 257 66 Cannon 110 | . 32 66 12 . . . . Launcher 10 | . . . 3 . 1 6 . Special 3 | . . . . . 3 . . Kinetic 303 | . 51 136 38 . 48 30 . Thermal 387 | . 32 62 3 . 38 186 66 Explosive 10 | . . . 3 . 1 6 . Electromagnetic 76 | . 19 4 12 . . 41 . Robot Hit Streak 17 | . 4 17 9 . 13 17 11 Robot Miss Streak 4 | . 4 3 2 . 4 4 2 Penetration Max . | . . . . . . . . Secondary Targets 7 | . . . 1 . . 6 . Max Gunslinging Chain 1 | . . . 1 . . 1 . Shots Hit Robots 496 | . 62 114 31 . 61 186 42 Core Hits 235 | . 29 56 16 . 25 95 14 Critical Kills . | . . . . . . . . Critical Parts Destroyed 3 | . 1 . . . . 2 . Critical Strikes 17 | . 1 . . . 1 12 3 Burn 14 | . . . . . 1 10 3 Destroy 2 | . . . . . . 2 . Smash 1 | . 1 . . . . . . Melee Attacks 11 | . 8 . . . 2 1 . Impact 8 | . 8 . . . . . . Slashing 3 | . . . . . 2 1 . Piercing . | . . . . . . . . Sneak Attacks . | . . . . . . . . Combat Hostiles . | . . . . . . . . Follow-up Attacks 1 | . 1 . . . . . . Damage Inflicted 9963 | . 1072 2180 550 . 1232 4069 860 Guns 7130 | . 555 1230 372 . 839 3274 860 Cannons 1362 | . 344 840 178 . . . . Explosions 1133 | . . 107 . . 231 795 . Melee 301 | . 173 . . . 128 . . Ramming 3 | . . 3 . . . . . Kinetic 2784 | . 408 1230 328 . 456 362 . Thermal 5348 | . 344 924 44 . 453 2723 860 Explosive 603 | . . . . . 195 408 . Electromagnetic 924 | . 147 23 178 . . 576 . Impact 173 | . 173 . . . . . . Slashing 128 | . . . . . 128 . . Piercing . | . . . . . . . . Highest Corruption 2 | . . . . . . 2 . Average Corruption 2 | . . . . . . 2 . Corruption Purged . | . . . . . . . . Corruption Blocked . | . . . . . . . . Effects 2 | . . . . . . 2 . Message Errors 1 | . . . . . . 1 . Misfires 1 | . . . . . . 1 . Overload Shots . | . . . . . . . . Overflow Damage 291 | . 50 87 2 . 61 91 . Projectiles 11 | . . . 2 . 9 . . Explosions 178 | . . 87 . . . 91 . Melee 102 | . 50 . . . 52 . . Knockbacks 1 | . 1 . . . . . . Impact 1 | . 1 . . . . . . Kinetic . | . . . . . . . . Secondary . | . . . . . . . . Self-Inflicted Damage 314 | . . 113 36 . 17 148 . Shots 8 | . . 1 2 . 1 4 . Rammed 2 | . . 2 . . . . . Targets Rammed 2 | . . 2 . . . . . Kicked . | . . . . . . . . Crushed . | . . . . . . . . Highest Temperature 503 | . 63 281 258 . 308 349 503 Average Temperature 117 | . 24 97 117 . 182 116 159 Received Heat Transfer 1736 | . 327 204 26 . 351 720 108 Effects 11 | . . . 1 . . 6 4 Shutdowns 2 | . . . . . . . 2 Energy Bleed 2 | . . . 1 . . . 1 Interference 6 | . . . . . . 6 . Damage (minor) 1 | . . . . . . . 1 Siege Activations . | . . . . . . . . Robots Corrupted 1 | . 1 . . . . . . Combat Hostiles 1 | . 1 . . . . . . Parts Fried 2 | . . . . . . 2 . Impact Corruptions 2 | . 2 . . . . . . Robots Melted 3 | . . . . . . 2 1 Combat Hostiles 3 | . . . . . . 2 1 Parts Melted 22 | . 1 2 . . 1 13 5 Heat Transferred 11774 | . 703 1715 111 . 1160 6198 1887 Parts Sabotaged . | . . . . . . . . Parts Stolen . | . . . . . . . . Parts Stripped . | . . . . . . . . Power Chain Reactions 3 | . . . . . . 3 . Alert | -11 -10 -9 -9 -9 -8 -8 -7 ------- Run | Yrd Mat Mat Min Exi Min Mat Fac Peak Influence 1091 | . 413 574 181 . 120 1091 513 Initial 401 | . . 110 141 . . 33 401 Average 233 | . 184 279 56 . 30 600 442 Maximum Alert Level 3 | . 2 2 . . . 3 2 Low Security (%) 56 | . 50 17 100 . 100 14 . Level 1 22 | . 44 71 . . . 16 8 Level 2 10 | . 4 10 . . . 18 91 Level 3 10 | . . . . . . 50 . Level 4 . | . . . . . . . . Level 5 . | . . . . . . . . High Security . | . . . . . . . . Max Security . | . . . . . . . . Squads Dispatched 19 | . 5 7 . . . 6 1 Investigation 9 | . 2 5 . . . 2 . Extermination . | . . . . . . . . Reinforcement 9 | . 3 2 . . . 3 1 Assault 1 | . . . . . . 1 . Garrison . | . . . . . . . . Intercept . | . . . . . . . . Searches Triggered . | . . . . . . . . Construction Impeded . | . . . . . . . . Haulers Reinforced 1 | . . . . . . . 1 Active Scanning Responses . | . . . . . . . . Cargo Convoy Interrupts . | . . . . . . . . Stealth | -11 -10 -9 -9 -9 -8 -8 -7 --------- Run | Yrd Mat Mat Min Exi Min Mat Fac Distress Signals 6 | . 2 3 . . . 1 . Communications Jammed 23 | . . . . . . 23 . Distress Signals 23 | . . . . . . 23 . Times Spotted 163 | . 29 41 12 . 11 62 8 Peak Tracking Total 6 | . 5 5 4 . 4 6 2 Tactical Retreats 5 | . 1 2 . . . 2 . Traps | -11 -10 -9 -9 -9 -8 -8 -7 ------- Run | Yrd Mat Mat Min Exi Min Mat Fac Traps Triggered 6 | . 2 2 . . . 2 . Indirectly . | . . . . . . . . Trap Hack Attempts . | . . . . . . . . Triggered . | . . . . . . . . Disarmed . | . . . . . . . . Reprogrammed . | . . . . . . . . Reused . | . . . . . . . . Traps Extracted . | . . . . . . . . Installed . | . . . . . . . . Triggered . | . . . . . . . . Machines | -11 -10 -9 -9 -9 -8 -8 -7 ---------- Run | Yrd Mat Mat Min Exi Min Mat Fac Machines Disabled 10 | . 1 3 . . 1 5 . Max in Single Turn 2 | . 1 2 . . 1 1 . Garrison Access 1 | . . . . . . 1 . Machines Repaired . | . . . . . . . . Machines Dismantled . | . . . . . . . . Machines Sabotaged . | . . . . . . . . Overloaded Fab Kills . | . . . . . . . . Hacking | -11 -10 -9 -9 -9 -8 -8 -7 --------- Run | Yrd Mat Mat Min Exi Min Mat Fac Machines Accessed 42 | . 6 13 2 5 . 14 2 Terminals 27 | . 5 9 2 . . 10 1 Fabricators 1 | . . . . . . . 1 Repair Stations . | . . . . . . . . Recycling Units 5 | . 1 2 . . . 2 . Scanalyzers 4 | . . 2 . . . 2 . Garrison Access . | . . . . . . . . Total Hacks 159 | . 15 41 6 50 . 44 3 Successful 114 | . 5 26 3 50 . 28 2 Failed 44 | . 9 15 3 . . 16 1 Catastrophic 10 | . 2 1 2 . . 5 . Database Lockouts 1 | . 1 . . . . . . Manual 71 | . 13 24 5 1 . 27 1 Terminals 84 | . 14 30 6 . . 32 2 Fabricators 1 | . . . . . . . 1 Repair Stations . | . . . . . . . . Recycling Units 7 | . 1 4 . . . 2 . Scanalyzers 17 | . . 7 . . . 10 . Garrison Access . | . . . . . . . . Terminal Hacks 84 | . 3 14 3 50 . 13 1 Record 51 | . . . 1 49 . . 1 Robot Analysis 9 | . 1 4 . . . 4 . Prototype ID Bank 8 | . 1 4 . . . 3 . Branch Access Points 3 | . . 1 1 . . 1 . Terminal Index 1 | . . 1 . . . . . Alert Level 3 | . . 1 . . . 2 . Unreport Threat 4 | . . 2 1 . . 1 . Locate Traps 4 | . 1 1 . . . 2 . Derelict Proto ID Bank 1 | . . . . 1 . . . Fabricator Hacks 1 | . . . . . . . 1 Network Status 1 | . . . . . . . 1 Repair Station Hacks . | . . . . . . . . Recycling Unit Hacks 4 | . . 2 . . . 2 . Report Inventory 4 | . . 2 . . . 2 . Scanalyzer 16 | . . 6 . . . 10 . Insert Component 8 | . . 3 . . . 5 . Analyze 8 | . . 3 . . . 5 . Garrison Access Hacks . | . . . . . . . . Unauthorized Hacks 9 | . 2 4 . . . 3 . Terminals 6 | . 1 2 . . . 3 . Botnet 6 | . 1 2 . . . 3 . Fabricators . | . . . . . . . . Repair Stations . | . . . . . . . . Recycling Units 3 | . 1 2 . . . . . Tunnel 3 | . 1 2 . . . . . Scanalyzers . | . . . . . . . . Garrison Access . | . . . . . . . . Data Cores Recovered . | . . . . . . . . Used . | . . . . . . . . Hacking Detections 28 | . 5 9 2 . . 11 1 Full Trace Events 2 | . . 1 . . . 1 . Feedback Events . | . . . . . . . . Feedback Blocked . | . . . . . . . . Robot Schematics Acquired . | . . . . . . . . Robots Built . | . . . . . . . . Authchips . | . . . . . . . . Time . | . . . . . . . . Total Robot Build Rating . | . . . . . . . . Part Schematics Acquired 8 | . . 3 . . . 5 . Parts Built . | . . . . . . . . Authchips . | . . . . . . . . Time . | . . . . . . . . Total Part Build Rating . | . . . . . . . . Parts Repaired . | . . . . . . . . Time . | . . . . . . . . Parts Recycled . | . . . . . . . . Recycled Matter . | . . . . . . . . Retrieved Matter . | . . . . . . . . Retrieved Components . | . . . . . . . . Parts Scanalyzed 8 | . . 3 . . . 5 . Part Schematics Acquired 8 | . . 3 . . . 5 . Parts Damaged 1 | . . 1 . . . . . Bothacking | -11 -10 -9 -9 -9 -8 -8 -7 ------------ Run | Yrd Mat Mat Min Exi Min Mat Fac Used RIF Installer . | . . . . . . . . Robots Hacked . | . . . . . . . . Non-combat . | . . . . . . . . Combat . | . . . . . . . . Robot Hacks Applied . | . . . . . . . . Relay Couplers Released 2 | . . . . . . 2 . Machine Destruction 2 | . . . . . . 2 . Fabnet Peak Effective % . | . . . . . . . . Robots Rewired . | . . . . . . . . Allies Hacked . | . . . . . . . . Hacks Repelled . | . . . . . . . . Allies | -11 -10 -9 -9 -9 -8 -8 -7 -------- Run | Yrd Mat Mat Min Exi Min Mat Fac Total Allies . | . . . . . . . . Largest Group . | . . . . . . . . Highest-Rated Group . | . . . . . . . . Highest-Rated Ally . | . . . . . . . . Total Orders . | . . . . . . . . Ally Attacks . | . . . . . . . . Total Damage . | . . . . . . . . Kills . | . . . . . . . . Allies Corrupted . | . . . . . . . . Allies Melted . | . . . . . . . . Intel | -11 -10 -9 -9 -9 -8 -8 -7 ------- Run | Yrd Mat Mat Min Exi Min Mat Fac Robot Analysis Total 9 | . 1 4 . . . 4 . Derelict Logs Recovered 1 | . . . 1 . . . . Drone Launches . | . . . . . . . . Drone Recoveries . | . . . . . . . . Exploration | -11 -10 -9 -9 -9 -8 -8 -7 ------------- Run | Yrd Mat Mat Min Exi Min Mat Fac Turns Passed 11466 | . 957 2212 1741 910 3064 2145 437 Spaces Moved 6016 | 1 649 1156 965 530 1372 1129 214 Core 3 | . . . . 3 . . . Treads 672 | . . . . . . 458 214 Legs 21 | 1 18 . . 2 . . . Wheels 5320 | . 631 1156 965 525 1372 671 . Hover . | . . . . . . . . Flight . | . . . . . . . . Fastest Speed 95 | 120 95 110 165 120 150 115 160 Average Speed 149 | 120 107 158 166 170 151 135 160 Slowest Speed 1200 | 120 190 180 180 1200 165 160 160 Overloaded Moves . | . . . . . . . . Propulsion Burnouts . | . . . . . . . . Robots Hopped . | . . . . . . . . Cave-ins Triggered . | . . . . . . . . Exploration Rate (%) 73 | 2 97 87 100 91 106 96 8 Regions Visited 7 Branch Regions 3 Pre-discovered Areas 4 | . 1 2 . 1 . . . Known Exits Taken 3 | . . 1 . . 1 1 . Unknown Exits Taken 4 | 1 1 . 1 1 . . . Scrap Searched 3 | . . . 2 . 1 . . Spaces Dug 1 | . . . . . . 1 . Terrain Destroyed 112 | . . 20 34 . 15 43 . Melee 1 | . . . . . . 1 . Projectile . | . . . . . . . . AOE 111 | . . 20 34 . 15 42 . Terrain Rammed . | . . . . . . . . Walls Destroyed . | . . . . . . . . Machines Disabled . | . . . . . . . . Actions | -11 -10 -9 -9 -9 -8 -8 -7 --------- Run | Yrd Mat Mat Min Exi Min Mat Fac Total 7876 | . 798 1392 1058 537 2281 1551 259 Wait 1226 | . 44 85 56 . 848 172 21 Move 6009 | . 648 1155 964 529 1371 1128 214 Hop . | . . . . . . . . Pick Up 89 | . 13 28 5 . 5 38 . Fast Attach 14 | . 3 4 . 2 1 4 . Attach 40 | . 5 5 3 . 5 20 2 Detach 12 | . 1 4 . . 1 6 . Swap 85 | . 16 12 4 4 9 40 . Drop 89 | . 11 29 4 2 3 40 . Fire 301 | . 51 68 22 . 36 102 22 Melee 9 | . 6 . . . 2 1 . Ram . | . . . . . . . . Kick . | . . . . . . . . Crush 2 | . . 2 . . . . . Escape Stasis . | . . . . . . . . Rewire . | . . . . . . . . Trap . | . . . . . . . . Miscellaneous . | . . . . . . . . Route ------- -11/Scrapyard -10/Materials (discovered 5 exits: *Mat x3 / *Min x2) -9/Materials (discovered 3 exits: *Mat x2 / *Min) -9/Mines (discovered 3 exits: *Mat x2 / *Exi) -9/Exiles -8/Mines (discovered 2 exits: *Mat x2) -8/Materials (discovered 3 exits: *Fac x3) -7/Factory History --------- Turn | Location | Event 1 | -11/Scrapyard | Discovered new exit (range 0) 1 | -11/Scrapyard | Entered Materials 138 | -10/Materials | Discovered new exit (range 16) 301 | -10/Materials | Build established: Mutant 376 | -10/Materials | Discovered new exit (range 3) 623 | -10/Materials | Destroyed 8 combat bots 644 | -10/Materials | Discovered new exit (range 10) 644 | -10/Materials | Discovered new exit (range 14) 744 | -10/Materials | Core integrity fell below 50% 796 | -10/Materials | Discovered new exit (range 4) 837 | -10/Materials | Central database locked down 931 | -10/Materials | Identified exit to Mines 958 | -10/Materials | Entered another Materials area 958 | -9/Materials | Evolved 2 slots: Utility x1, Weapon x1 1112 | -9/Materials | Discovered new exit (range 11) 1128 | -9/Materials | Identified exit to Materials 1276 | -9/Materials | Build established: Tank 2030 | -9/Materials | Discovered new exit (range 16) 2062 | -9/Materials | Identified exit to Mines 2655 | -9/Materials | Destroyed 7 combat bots 2846 | -9/Materials | Discovered exit to Materials (range 16) 3170 | -9/Materials | Entered Mines 3273 | -9/Mines | Discovered exit to Materials (range 15) 3274 | -9/Mines | Assembled infested the area 3330 | -9/Mines | Found DCF Scrap (14 items) 3571 | -9/Mines | Discovered exit to Materials (range 4) 3970 | -9/Mines | Received a Rocket Launcher from a helpful Derelict 4139 | -9/Mines | Learned location of 1 exit from Materials 4246 | -9/Mines | Deemed a non-threat by the Exiles lab entrance 4246 | -9/Mines | Discovered new exit (range 5) 4911 | -9/Mines | Entered Exiles 4951 | -9/Exiles | Met 8R-AWN 4979 | -9/Exiles | Met EX-HEX 5027 | -9/Exiles | Met EX-BIN 5055 | -9/Exiles | Aligned with FarCom system 5057 | -9/Exiles | Given EX-Vault access code 5128 | -9/Exiles | Opened EX-Vault 5173 | -9/Exiles | Found Potential Leg 5177 | -9/Exiles | Found Potential Leg 5218 | -9/Exiles | Warned to stay clear of 0b10 Research branches 5281 | -9/Exiles | Met EX-DEC 5293 | -9/Exiles | Learned location of Zion (-7) 5415 | -9/Exiles | Discovered new exit (range 15) 5586 | -9/Exiles | Visited The Gauntlet 5821 | -9/Exiles | Entered Mines 6109 | -8/Mines | Discovered exit to Materials (range 16) 6123 | -8/Mines | Build established: Skirmisher 6822 | -8/Mines | Discovered exit to Materials (range 9) 7668 | -8/Mines | Core integrity fell below 50% 8885 | -8/Mines | Entered Materials 8885 | -8/Materials | Evolved 2 slots: Propulsion x1, Utility x1 8886 | -8/Materials | Identified exit to Factory 9688 | -8/Materials | Lost 5 parts (1p1u3w) 9958 | -8/Materials | Build established: Scavenger-Skirmisher 10158 | -8/Materials | Discovered exit to Factory (range 12) 10476 | -8/Materials | Build established: Skirmisher 10576 | -8/Materials | Discovered exit to Factory (range 14) 11030 | -8/Materials | Entered Factory 11030 | -7/Factory | Evolved 2 slots: Power x1, Utility x1 11467 | -7/Factory | Self-destructed Last Messages --------------- there is little need for protective components. 11371_ U-05 Engineer works on Subcomponent Replicator. 11432_ G-47 Trooper destroyed. 11451_ B-48 Gladiator overheating. 11453_ B-48 Gladiator heat damages Mace. 11453_ B-48 Gladiator overheating. 11454_ Critical hit (Burn: +37). 11454_ B-48 Gladiator overheating. 11457_ Power failure, Lgt. Nuclear Core shutdown. 11457_ B-48 Gladiator heat short circuits Rnf. Deuterium Engine. 11457_ B-48 Gladiator overheating. 11458_ Overheating: Energy bleed (-48). 11458_ B-48 Gladiator overheating. 11461_ G-47 Trooper destroyed. 11462_ Overheating: Hcp. Storage Unit damaged (-203). 11463_ B-48 Gladiator heat short circuits Lgt. Treads. 11464_ B-48 Gladiator overheating. 11465_ Power failure, Lgt. Nuclear Core shutdown. 11465_ B-48 Gladiator critical meltdown. 11465_ Lgt. Treads melted. Map ----- +----------------------------------------------------+ | ????????????????????????????????????????????? | | ????????????????????????????????????????????? | | ????????????????????????????????????????????? | | ????????????????????????????????????????????? | | ????????????????????????????????????????????? | | ????????????????????????????????????????????? | | ????????????????????????????????????????????? | | ????????????????????????????????????????????? | | ????????????????????????????????????????????? | | ????????????????????????????????????????????? | | ???????????????????????? ?????????????????? | | ???????????????????????? ?????????????????? | | ???????????????????????? ?????????????????? | | ?????????????###+####??? ?????????????????? | | ?????????????# ???? ?????????????????? | | ?????????????# #???? ?????????????????? | | ?????????????# #???? ?????????????????? | | #????????????+ #???? ?????"" ?????????? | | #????????????# #???? ????"""??????????? | | #????????????# #???? ???% ???????????? | | #????????????# #????#;####;########?????? | | #????????????# #????#% #????? | | ############## #????# ^ #????? | | + #????#% #????? | | ############## ######!=^^ #????? | | #????????????# [@ #????? | | #????????????# = #????? | | ############## """"""" "" #????? | | """"""" "" #????? | | """"""" F" #????? | | """"""" "" #????? | | ####???????? | | #??????????? | | ####### ######??????????? | | #??# #???????????????? | | #??# #???????????????? | | #??# #???????????????? | | #??# #???????????????? | | #??# #???????????????? | | #??# #???????????????? | | #??# #####+######+########???????????? | | ####### ## # [ #???????????? | | ## # ! #???????????? | | ## # #???????????? | | ## # #???????????? | | ## # """" #???????????? | | ## # """" #???????????? | | ####### ## % # """" #???????????? | | ## ## # """" #???????????? | | ## ## ###########???????????? | +----------------------------------------------------+ Best States ------------- Heat Dissipation 72 Energy Generation 23 Energy Capacity 280 Matter Stores 300 Matter Capacity 300 Sight Range 16 Terrain Scan Density 10 Jamming Range 12 Armor Coverage 600 Resistance: KI 30 Evasion (%) 45 Targeting Accuracy 5 Recoil Reduction 3 Particle Charging 15 Offensive Hacking 10 Item Schematics ----------------- Hvy. Armor Plating | -9/Materials | Scanalyzed Arm. Wheel | -9/Materials | Scanalyzed Adv. Treads | -9/Materials | Scanalyzed Imp. Signal Interpreter | -8/Materials | Scanalyzed Adv. Heat Sink | -8/Materials | Scanalyzed Hacking Suite | -8/Materials | Scanalyzed Plasma Cutter | -8/Materials | Scanalyzed Rocket Launcher | -8/Materials | Scanalyzed Robot Schematics ------------------ None Fabricated ------------ Nothing Alien Tech Used ----------------- None Achievements -------------- None Challenges ------------ None Game ------ Seed ScrapRagnarokMeganuke Manual? 0 Play Time 02:49:15 Cumulative 70.9 hours Start 2024.09.07 @ 10:00:54 End 2024.09.07 @ 15:21:08 Sessions 1 Manual Loads 0 Difficulty Rogue Special Mode None Game No. 41 Rogue 41 Adventurer 0 Explorer 0 Win Type - Total 0 Types 0/0/0/0/0/0/0/0/0 Lore% 26 Gallery% 27 Achievement% 32 Wizard Run 0 Options --------- Layout 0 ASCII 0 Keyboard 0 Movement Mouse Keybinds 0 Fullscreen 1 Font 16/SmallcapsGlow Map View 37x27 Zoom Use 73% Tactical HUD 1 Map Filters NONE Filters NONE Steam 1 RUN: 90711a03-8abb-4592-8032-94f9003ec510